 Dungeon Crawl Stone Soup version 0.31.0-4-g52a2dc7128 (webtiles) character file.

Game seed: 3864775977819950774

205 Arcadio the Skirmisher (level 5, -5/43 HPs)
             Began as a Gnoll Hunter on Jan 22, 2024.
             Was an Initiate of Ru.
             Slain by a steam dragon (8 damage)
             ... on level 4 of the Dungeon.
             The game lasted 00:05:52 (2054 turns).

Arcadio the Skirmisher (Gnoll Hunter)               Turns: 2054, Time: 00:05:53

Health: -5/43      AC:  6    Str: 11    XL:     5   Next: 83%
Magic:  7/7        EV: 14    Int:  8    God:    Ru [......]
Gold:   172        SH:  0    Dex: 17    Spells: 7/7 levels left

rFire   . . .        a - +0 shortbow
rCold   . . .        (shield currently unavailable)
rNeg    . . .        c - +0 leather armour
rPois   .            e - +2 hat
rElec   .            (no cloak)
rCorr   .            (no gloves)
SInv    .            t - +0 pair of boots
Will    .....        n - amulet of magic regeneration
Stlth   ++           (no ring)
HPRegen 0.27/turn    (no ring)
MPRegen 0.50/turn

%: no passive effects
@: no status effects
A: fangs 1, strong nose, distributed training
a: Renounce Religion


You were on level 4 of the Dungeon.
You worshipped Ru.
Ru was noncommittal.
You visited 1 branch of the dungeon, and saw 4 of its levels.

You collected 172 gold pieces.

Inventory:

Hand Weapons
 a - a +0 shortbow (weapon)
Armour
 c - a +0 leather armour (worn)
 e - a +2 hat (worn)
 t - a +0 pair of boots (worn)
Jewellery
 n - an amulet of magic regeneration (around neck)
Scrolls
 b - a scroll of butterflies
 d - a scroll of noise {unknown}
 h - a scroll of enchant armour
 i - a scroll of teleportation {unknown}
 j - a scroll of fog {unknown}
 l - 2 scrolls of identify {unknown}
 s - a scroll of blinking {unknown}
Potions
 f - 3 potions of curing {unknown}
 g - 2 potions of mutation {unknown}
 k - a potion of resistance {unknown}
 m - a potion of degeneration {unknown}
 o - a potion of brilliance {unknown}
 p - a potion of berserk rage {unknown}
 q - a potion of heal wounds {unknown}
 r - a potion of might {unknown}


   Skills:
 + Level 4.9 Fighting
 + Level 1.7 Short Blades
 + Level 1.7 Long Blades
 + Level 1.7 Axes
 + Level 1.7 Maces & Flails
 + Level 1.7 Polearms
 + Level 1.7 Staves
 + Level 8.7 Ranged Weapons
 + Level 1.7 Throwing
 + Level 1.7 Armour
 + Level 4.9 Dodging
 + Level 2.9 Stealth
 + Level 1.7 Shields
 + Level 1.7 Unarmed Combat
 + Level 1.7 Spellcasting
 + Level 1.3 Conjurations
 + Level 1.3 Hexes
 + Level 1.3 Summonings
 + Level 1.3 Necromancy
 + Level 1.3 Translocations
 + Level 1.3 Fire Magic
 + Level 1.3 Ice Magic
 + Level 1.3 Air Magic
 + Level 1.3 Earth Magic
 + Level 1.3 Alchemy
 + Level 2.0 Invocations
 + Level 1.7 Evocations
 + Level 1.5 Shapeshifting


You had 7 spell levels left.
You didn't know any spells.
Your spell library contained the following spells:

 Spells                   Type           Power      Damage    Failure   Level
 Summon Ice Beast         Ice/Summ       2%         N/A       63%         3
 Summon Mana Viper        Hex/Summ       2%         N/A       100%        5
 Monstrous Menagerie      Summ           1%         N/A       100%        7


Dungeon Overview and Level Annotations

Branches:
Dungeon (4/15)
 Temple: D:4-7

Altars:
Gozag
Ru


Innate Abilities, Weirdness & Mutations

You have very sharp teeth.
Your uncanny sense of smell can sniff out nearby items.
Your experience applies equally to all skills.


Message History

A ball python comes into view.
The ufetubus barely misses you. The ufetubus hits you.
You shoot an arrow. The arrow hits the steam dragon.
The steam dragon is severely wounded.
The ufetubus hits you. The ufetubus barely misses you. The ufetubus misses you.
The ufetubus hits you. The steam dragon breathes steam at you.
The ball of steam hits you! The ufetubus closely misses you. x2
The ufetubus misses you. The ufetubus closely misses you.
You are engulfed in a cloud of scalding steam.
Okay, then.
You shoot an arrow.
The arrow hits the steam dragon but does no damage.
The steam dragon is severely wounded.
The steam dragon misses you. The steam dragon claws you.
You shoot an arrow.
The arrow closely misses the steam dragon.
The arrow hits the ufetubus.
The ufetubus is lightly wounded.
The steam dragon closely misses you. The steam dragon barely misses you.
You shoot an arrow.
The arrow closely misses the steam dragon.
The arrow completely misses the ufetubus.
The steam dragon bites you but does no damage.
The steam dragon claws you.
You shoot an arrow.
The arrow hits the steam dragon but does no damage.
The steam dragon is severely wounded.
The steam dragon breathes steam at you. The ball of steam hits you.
The steam dragon attacks as it pursues you!
The steam dragon misses you. The steam dragon barely misses you.
You shoot an arrow.
The arrow hits the steam dragon but does no damage.
The steam dragon is severely wounded.
The steam dragon breathes steam at you. The ball of steam hits you!
* * * LOW HITPOINT WARNING * * *
The steam dragon bites you!
You die...

........# .
....... .. .....(
#.....# #....###
#......##....§.
#..... ......#
#....## #..§.#####
#.?.!.# #.@§......
#.....###D§§.#####
++###.....##5S####
.......<..5..##
..........####
.........##
......<.##
#########


You could see a steam dragon (catching breath), 2 ufetubi and a ball python.

Vanquished Creatures
  A scorpion (D:3)
  4 gnolls (D:2)
  5 adders
  A ribbon worm (D:3)
  2 orcs (D:3)
  2 bats
  4 endoplasms (D:1)
  4 giant cockroaches
  5 goblins
  A hobgoblin (D:3)
  7 jackals (D:3)
  4 kobolds
  3 quokkas (D:1)
  4 ball pythons
  4 frilled lizards
  7 rats
58 creatures vanquished.

Notes
Turn   | Place    | Note
-------+----------+-------------------------------------------
     0 | D:1      | Arcadio the Gnoll Hunter began the quest for the Orb.
     0 | D:1      | Reached XP level 1. HP: 20/20 MP: 1/1
   109 | D:1      | Reached XP level 2. HP: 26/26 MP: 2/2
   643 | D:2      | Reached XP level 3. HP: 31/31 MP: 3/3
   987 | D:2      | Reached skill level 1 in Invocations
   988 | D:2      | Reached skill level 1 in Short Blades
   988 | D:2      | Reached skill level 1 in Long Blades
   988 | D:2      | Reached skill level 1 in Axes
   988 | D:2      | Reached skill level 1 in Maces & Flails
   988 | D:2      | Reached skill level 1 in Polearms
   988 | D:2      | Reached skill level 1 in Staves
   988 | D:2      | Reached skill level 1 in Throwing
   988 | D:2      | Reached skill level 1 in Armour
   988 | D:2      | Reached skill level 1 in Shields
   988 | D:2      | Reached skill level 1 in Unarmed Combat
   988 | D:2      | Reached skill level 1 in Spellcasting
   988 | D:2      | Reached skill level 1 in Evocations
   990 | D:2      | Reached skill level 1 in Shapeshifting
   990 | D:2      | Reached XP level 4. HP: 36/38 MP: 5/5
  1088 | D:2      | Reached skill level 1 in Conjurations
  1088 | D:2      | Reached skill level 1 in Hexes
  1088 | D:2      | Reached skill level 1 in Summonings
  1088 | D:2      | Reached skill level 1 in Necromancy
  1088 | D:2      | Reached skill level 1 in Translocations
  1088 | D:2      | Reached skill level 1 in Fire Magic
  1088 | D:2      | Reached skill level 1 in Ice Magic
  1088 | D:2      | Reached skill level 1 in Air Magic
  1088 | D:2      | Reached skill level 1 in Earth Magic
  1088 | D:2      | Reached skill level 1 in Alchemy
  1299 | D:3      | Noticed a scorpion
  1305 | D:3      | Killed a scorpion
  1306 | D:3      | Reached XP level 5. HP: 34/43 MP: 5/7
  1344 | D:3      | Found a faded altar of an unknown god.
  1408 | D:3      | Found an opulent altar of Gozag.
  1408 | D:3      | Found a sacrificial altar of Ru.
  1416 | D:3      | Became a worshipper of Ru the Awakened
  2035 | D:4      | Noticed a steam dragon
  2052 | D:4      | HP: 2/43 [steam dragon/ball of steam (7)]
  2054 | D:4      | Slain by a steam dragon

Illustrated notes

Levels and vault maps discovered:
D:1:      minmay_arrival_radiant_lines, layout_basic
D:2:      layout_basic
D:3:      layout_loops_ring, jmf_multi_god_temple,
          chequers_ecumenical_altar_island
D:4:      layout_rooms, mainiacjoe_overflow_alcove_4

Skill      XL: |  1  2  3  4  5 |
---------------+----------------+-----
Invocations    | 1 2 |  2.0
Short Blades   | 1 |  1.7
Long Blades    | 1 |  1.7
Axes           | 1 |  1.7
Maces & Flails | 1 |  1.7
Polearms       | 1 |  1.7
Staves         | 1 |  1.7
Throwing       | 1 |  1.7
Armour         | 1 |  1.7
Shields        | 1 |  1.7
Unarmed Combat | 1 |  1.7
Spellcasting   | 1 |  1.7
Evocations     | 1 |  1.7
Shapeshifting  | 1 |  1.5
Conjurations   | 1 |  1.3
Hexes          | 1 |  1.3
Summonings     | 1 |  1.3
Necromancy     | 1 |  1.3
Translocations | 1 |  1.3
Fire Magic     | 1 |  1.3
Ice Magic      | 1 |  1.3
Air Magic      | 1 |  1.3
Earth Magic    | 1 |  1.3
Alchemy        | 1 |  1.3
Fighting       | |  4.9
Ranged Weapons | |  8.7
Dodging        | |  4.9
Stealth        | |  2.9

Action                     |  1- 3 |  4- 6 || total
---------------------------+-------+-------++-------
   Fire: Shortbow          |    82 |   105 ||   187
    Use: Scroll            |       |     1 ||     1
 Armour: Leather armour    |    14 |    43 ||    57
  Dodge: Dodged            |    24 |    78 ||   102
